 Dungeon Crawl Stone Soup version 0.31-a0-175-g9f7f995f2b (webtiles) character file.

Game seed: 12892079903225539911

467 qw the Shooter (level 7, 0/64 HPs)
             Began as a Naga Hunter on June 17, 2023.
             Killed from afar by Ijyb (13 damage)
             ... with a bolt of light
             ... on level 4 of the Dungeon.
             The game lasted 00:01:01 (3033 turns).

qw the Shooter (Naga Hunter)                        Turns: 3033, Time: 00:01:01

Health: 0/64       AC:  4    Str: 14    XL:     7   Next: 8%
Magic:  7/7        EV:  9    Int:  9    God:
Gold:   139        SH:  0    Dex: 16    Spells: 6/6 levels left

rFire   . . .        Y - +2 shortbow
rCold   + . .        (shield currently unavailable)
rNeg    . . .        c - +0 leather armour
rPois   +            b - +0 helmet
rElec   .            (no cloak)
rCorr   .            (no gloves)
SInv    +            (no barding)
Will    .....        (no amulet)
Stlth   +            e - ring of protection from cold
HPRegen 0.30/turn    (no ring)
MPRegen 0.10/turn

%: no passive effects
@: confused, very slow
A: AC +2, large, see invisible, deformed body, poison resistance, slowness 2,
spit poison 1, naga tail 1
a: Spit Poison


You were on level 4 of the Dungeon.
You visited 1 branch of the dungeon, and saw 4 of its levels.

You collected 139 gold pieces.


Innate Abilities, Weirdness & Mutations

Your serpentine skin is tough. (AC +2)
You have supernaturally acute eyesight. (SInv)
Armour fits poorly on your strangely shaped body.
Your system is resistant to poisons. (rPois)
You cover ground very slowly.
You can spit poison.
You have a snake-like lower body.


   Skills:
 - Level 4.0 Fighting
 + Level 6.7 Ranged Weapons
 - Level 1.5 Dodging
 - Level 1.5 Stealth


You had 6 spell levels left.
You didn't know any spells.
Your spell library was empty.

Inventory:

Hand Weapons
 Y - a +2 shortbow (weapon)
Armour
 b - a +0 helmet (worn)
 c - a +0 leather armour (worn)
Jewellery
 e - a ring of protection from cold (left hand)
Scrolls
 h - a scroll of fog {unknown}
 i - 2 scrolls of identify
 j - a scroll of teleportation {unknown}
Potions
 a - a potion of lignification {unknown}
 d - 2 potions of haste
 f - a potion of curing {unknown}
 g - a potion of attraction {unknown}
 l - a potion of resistance {unknown}

Dungeon Overview and Level Annotations

Branches:
Dungeon (4/15)
 Temple: D:4-7

Altars:
Hepliaklqana
Trog
Wu Jian
Yredelemnul

Shops:
D:1 :

Annotations:
D:3 1 runed translucent door, qw's ghost, amateur NaHu
D:4 Ijyb


Message History

Ijyb is wielding a +0 dagger of holy wrath and carrying a wand of light (6).
Enter note:
Enter note:
Enter note:
3024 ||| INVOKING Spit Poison.
Aiming: Spit Poison (1% risk of failure)
Press: ? - help, Shift-Dir - straight line, f - Ijyb The splash of poison hits Ijyb but does no damage.
Ijyb shouts!
The quokka twitches its whiskers.
You shoot an arrow. The arrow hits Ijyb.
Ijyb is lightly wounded.
Ijyb zaps a wand.
The bolt of light hits you!
You are confused.
The quokka twitches its whiskers.
You feel less confused.
You have got your breath back.
Ijyb zaps a wand.
The bolt of light misses you.
3028 ||| INVOKING Spit Poison.
Aiming: Spit Poison (1% risk of failure)
Press: ? - help, Shift-Dir - straight line, f/p - Ijyb The splash of poison hits Ijyb.
Ijyb is poisoned.
Ijyb is moderately wounded.
Ijyb zaps a wand.
The bolt of light hits you!
You are confused.
The quokka barely misses you. Ijyb hits you but does no damage.
You feel less confused. The quokka closely misses you.
Ijyb zaps a wand.
The bolt of light hits you!!
You shoot an arrow. The arrow completely misses Ijyb.
The quokka closely misses you. Ijyb screams, "I dance on your bones!"
Ijyb zaps a wand.
The bolt of light hits you!
You are confused.
You have got your breath back.
The quokka bites you.
Ijyb hits you with a +0 dagger of holy wrath.
Ijyb looks more healthy.
The quokka bites you.
Ijyb zaps a wand.
The bolt of light hits you!
You are more confused.
You die...

###. ....
##############..#
#...........@r..#
#.###########g..#
#.# ...# #.#
..... #.# .......
#.#### ....###
#....# .....
####.# ##.... #.#


You could see Ijyb and a quokka.

Vanquished Creatures
  Sigmund (D:3)
  An ogre (D:3)
  Natasha (thrice) (D:3)
  Robin (D:3)
  5 adders
  A gnoll (D:1)
  5 worms
  A dart slug (D:2)
  2 orcs (D:3)
  9 endoplasms
  16 goblins
  3 hobgoblins
  8 kobolds
  3 quokkas
  8 ball pythons
  3 bats
  A frilled lizard (D:1)
  3 rats
74 creatures vanquished.

Notes
Turn   | Place    | Note
-------+----------+-------------------------------------------
     0 | D:1      | qw the Naga Hunter began the quest for the Orb.
     0 | D:1      | Reached XP level 1. HP: 19/19 MP: 1/1
     0 | D:1      | 0 ||| qw: Version: 0.3-a-2-g5ab2908
     0 | D:1      | 0 ||| qw: Game counter: 260
     0 | D:1      | 0 ||| qw: Always use a shield: true
     0 | D:1      | 0 ||| qw: God list: Okawaru
     0 | D:1      | 0 ||| qw: Allow faded altars: false
     0 | D:1      | 0 ||| qw: Do Orc after D:15 true
     0 | D:1      | 0 ||| qw: Do second Lair branch before Depths: true
     0 | D:1      | 0 ||| qw: Lair rune preference: random
     0 | D:1      | 0 ||| qw: Plans: Normal
     0 | D:1      | 0 ||| PLANNING D:1-11
     3 | D:1      | Noticed an electric eel
     4 | D:1      | Noticed an electric eel
    21 | D:1      | 21 ||| INVOKING Spit Poison.
    53 | D:1      | 53 ||| INVOKING Spit Poison.
   125 | D:1      | 125 ||| INVOKING Spit Poison.
   126 | D:1      | 126 ||| INVOKING Spit Poison.
   147 | D:1      | Found Afihuah's Book Emporium.
   157 | D:1      | 157 ||| INVOKING Spit Poison.
   179 | D:1      | Reached skill level 4 in Ranged Weapons
   179 | D:1      | Reached XP level 2. HP: 26/26 MP: 2/2
   180 | D:1      | 180 ||| INVOKING Spit Poison.
   226 | D:1      | 226 ||| INVOKING Spit Poison.
   227 | D:1      | 227 ||| INVOKING Spit Poison.
   259 | D:1      | 259 ||| INVOKING Spit Poison.
   291 | D:1      | 291 ||| INVOKING Spit Poison.
   294 | D:1      | 294 ||| INVOKING Spit Poison.
   361 | D:1      | 361 ||| INVOKING Spit Poison.
   364 | D:1      | 364 ||| INVOKING Spit Poison.
   367 | D:1      | Reached XP level 3. HP: 32/32 MP: 3/3
   612 | D:1      | 612 ||| Stepping ~*~*~tactically~*~*~ (outnumbered).
   613 | D:1      | 613 ||| INVOKING Spit Poison.
   650 | D:1      | 650 ||| INVOKING Spit Poison.
   655 | D:1      | 655 ||| INVOKING Spit Poison.
   885 | D:1      | 885 ||| UPGRADING to ring of protection from cold.
   886 | D:1      | 886 ||| READING scroll labelled OLIAPNYUTE.
   887 | D:1      | 887 ||| READING scroll labelled POLONICZOVUNN.
   888 | D:1      | 888 ||| READING scroll labelled OLEBIO KESCHOY.
   889 | D:1      | 889 ||| DRINKING 2 yellow potions.
   890 | D:1      | 890 ||| DROPPING scroll of butterflies.
   891 | D:1      | 891 ||| DROPPING potion of degeneration.
   901 | D:2      | 901 ||| INVOKING Spit Poison.
   923 | D:2      | 923 ||| INVOKING Spit Poison.
  1025 | D:2      | 1025 ||| INVOKING Spit Poison.
  1029 | D:2      | 1029 ||| INVOKING Spit Poison.
  1032 | D:2      | 1032 ||| INVOKING Spit Poison.
  1175 | D:2      | 1175 ||| INVOKING Spit Poison.
  1176 | D:2      | 1176 ||| INVOKING Spit Poison.
  1177 | D:2      | 1177 ||| INVOKING Spit Poison.
  1221 | D:2      | 1221 ||| INVOKING Spit Poison.
  1228 | D:2      | 1228 ||| INVOKING Spit Poison.
  1233 | D:2      | Reached skill level 5 in Ranged Weapons
  1233 | D:2      | 1233 ||| INVOKING Spit Poison.
  1234 | D:2      | Reached XP level 4. HP: 24/39 MP: 4/4
  1369 | D:2      | 1369 ||| INVOKING Spit Poison.
  1390 | D:2      | 1390 ||| INVOKING Spit Poison.
  1512 | D:2      | 1512 ||| INVOKING Spit Poison.
  1619 | D:2      | 1619 ||| INVOKING Spit Poison.
  1649 | D:2      | 1649 ||| READING scroll labelled BOVOWI QUSSIPLOMI.
  1701 | D:3      | Noticed an ogre
  1702 | D:3      | 1702 ||| INVOKING Spit Poison.
  1704 | D:3      | Killed an ogre
  1705 | D:3      | Reached XP level 5. HP: 50/50 MP: 5/5
  1707 | D:3      | 1707 ||| Stepping ~*~*~tactically~*~*~ (outnumbered).
  1708 | D:3      | 1708 ||| INVOKING Spit Poison.
  1715 | D:3      | 1715 ||| INVOKING Spit Poison.
  1715 | D:3      | Noticed Robin
  1721 | D:3      | Killed Robin
  1722 | D:3      | 1722 ||| INVOKING Spit Poison.
  1725 | D:3      | 1725 ||| INVOKING Spit Poison.
  1729 | D:3      | 1729 ||| INVOKING Spit Poison.
  1732 | D:3      | 1732 ||| INVOKING Spit Poison.
  1737 | D:3      | 1737 ||| INVOKING Spit Poison.
  1743 | D:3      | 1743 ||| INVOKING Spit Poison.
  1868 | D:3      | 1868 ||| INVOKING Spit Poison.
  1877 | D:3      | 1877 ||| INVOKING Spit Poison.
  1929 | D:3      | Found a runed translucent door.
  1940 | D:3      | Noticed qw's ghost (amateur NaHu)
  1956 | D:3      | 1956 ||| INVOKING Spit Poison.
  1959 | D:3      | 1959 ||| INVOKING Spit Poison.
  1964 | D:3      | 1964 ||| INVOKING Spit Poison.
  2012 | D:3      | 2012 ||| INVOKING Spit Poison.
  2022 | D:3      | 2022 ||| INVOKING Spit Poison.
  2035 | D:3      | 2035 ||| INVOKING Spit Poison.
  2067 | D:3      | Noticed Natasha
  2069 | D:3      | 2069 ||| INVOKING Spit Poison.
  2072 | D:3      | Killed Natasha
  2073 | D:3      | Reached XP level 6. HP: 57/57 MP: 6/6
  2077 | D:3      | Noticed Sigmund
  2080 | D:3      | 2080 ||| INVOKING Spit Poison.
  2086 | D:3      | 2086 ||| INVOKING Spit Poison.
  2090 | D:3      | 2090 ||| INVOKING Spit Poison.
  2091 | D:3      | Killed Sigmund
  2092 | D:3      | Reached skill level 6 in Ranged Weapons
  2228 | D:3      | 2228 ||| INVOKING Spit Poison.
  2260 | D:3      | 2260 ||| INVOKING Spit Poison.
  2269 | D:3      | 2269 ||| READING scroll of enchant weapon.
  2269 | D:3      | 2269 ||| ENCHANTING +1 shortbow.
  2275 | D:3      | 2275 ||| INVOKING Spit Poison.
  2320 | D:3      | Noticed Natasha
  2321 | D:3      | 2321 ||| INVOKING Spit Poison.
  2324 | D:3      | 2324 ||| INVOKING Spit Poison.
  2326 | D:3      | Killed Natasha
  2327 | D:3      | Reached XP level 7. HP: 55/64 MP: 7/7
  2365 | D:3      | Found an ornate altar of the Wu Jian Council.
  2373 | D:3      | Found a bloodstained altar of Trog.
  2374 | D:3      | Found a hazy altar of Hepliaklqana.
  2378 | D:3      | Found a basalt altar of Yredelemnul.
  2467 | D:3      | Noticed Natasha
  2469 | D:3      | 2469 ||| INVOKING Spit Poison.
  2476 | D:3      | 2476 ||| INVOKING Spit Poison.
  2479 | D:3      | Killed Natasha
  2648 | D:3      | 2648 ||| UPGRADING to +0 helmet.
  2653 | D:3      | 2653 ||| READING scroll labelled DOMMOU TOQEN.
  2654 | D:3      | 2654 ||| READING scroll labelled AXAKYSH HEARUO.
  2755 | D:3      | 2755 ||| READING scroll labelled UCIDIM REPP.
  2846 | D:4      | 2846 ||| INVOKING Spit Poison.
  2866 | D:4      | 2866 ||| INVOKING Spit Poison.
  2925 | D:4      | 2925 ||| INVOKING Spit Poison.
  3023 | D:4      | Noticed Ijyb
  3024 | D:4      | 3024 ||| INVOKING Spit Poison.
  3028 | D:4      | 3028 ||| INVOKING Spit Poison.
  3032 | D:4      | HP: 15/64 [Ijyb/+0 dagger of holy wrath (3)]
  3033 | D:4      | Killed from afar by Ijyb

Levels and vault maps discovered:
D:1:      arrival_aquarium_b, layout_basic, serial_shops,
          nicolae_shop_just_a_little_nook, hangedman_decor_points
D:2:      layout_loops_ring
D:3:      layout_rooms, minitemple, ebering_ghost_reflecting_pool,
          kennysheep_small_spiral, uniq_robin, uniq_natasha, uniq_sigmund
D:4:      layout_loops_ring, st_stairs_3, uniq_menkaure, uniq_ijyb

Skill      XL: |  1  2  3  4  5  6 |
---------------+-------------------+-----
Ranged Weapons | 4 5 6 |  6.7
Fighting       | 4 |  4.0
Dodging        | |  1.5
Stealth        | |  1.5

Action                     |  1- 3 |  4- 6 |  7- 9 || total
---------------------------+-------+-------+-------++-------
   Fire: Shortbow          |    67 |    80 |    16 ||   163
Ability: Spit Poison       |    23 |    30 |     7 ||    60
    Use: Scroll            |     3 |     2 |     3 ||     8
         Potion            |     1 |       |       ||     1
 Armour: Leather armour    |     7 |    13 |     1 ||    21
  Dodge: Dodged            |    15 |    19 |     6 ||    40

Table legend:
 A = Non-vault XP
 B = Vault XP
 C = Vault XP percentage of total XP
 D = Non-vault monster count
 E = Vault monster count
 F = Vault count percentage of total count
                 A         B        C        D         E       F
            +---------+---------+-------+---------+---------+-------
      Total |     373 |     295 |  44.2 |      59 |      15 |  20.3
            +---------+---------+-------+---------+---------+-------
        D:1 |      43 |       0 |   0.0 |      19 |       0 |   0.0
        D:2 |      73 |       0 |   0.0 |      19 |       0 |   0.0
        D:3 |     240 |     295 |  55.1 |      17 |      15 |  46.9
        D:4 |      17 |       0 |   0.0 |       4 |       0 |   0.0
            +---------+---------+-------+---------+---------+-------
